 Dungeon Crawl Stone Soup version 0.31-a0-986-g5e6e4ef867 (webtiles) character file.

Game seed: 12034575464569588727

1441 booth the Ruffian (level 8, 0/48 (54) HPs)
             Began as a Gnoll Shapeshifter on Nov 7, 2023.
             Was a Follower of Hepliaklqana.
             Slain by a wight
             ... wielding a +0 falchion
              (1 damage)
             ... on level 6 of the Dungeon.
             The game lasted 00:48:29 (6773 turns).

booth the Ruffian (Gnoll Shapeshifter)              Turns: 6773, Time: 00:48:30

HP:   0/48 (54)     AC:  9    Str: 18    XL:     8   Next: 74%
MP:   0/13          EV: 13    Int:  9    God:    Hepliaklqana [*.....]
Gold: 143           SH:  0    Dex: 14    Spells: 14/14 levels left

rFire   + .          .
                       - Unarmed
rCold   + + .        (no shield)
rNeg    . . .        w - +2 ring mail of Amelioration {Str+2}
rPois   +            (helmet currently unavailable)
rElec   .            r - melded scarf {rC+ rF+}
rCorr   .            t - melded +2 pair of gloves
SInv    .            (boots currently unavailable)
Will    .....        v - amulet of Ygouf {Spirit rF+ rC++ Dex+2}
Stlth   ++           (no ring)
HPRegen 0.28/turn    (no ring)
MPRegen 0.13/turn

%: guardian spirit
@: beast-form, on berserk cooldown, slowed, heavily drained, very slow
A: beast (slay +4), reduced essence, fangs 1, strong nose, distributed training,
iridescent scales 1, poison resistance
a: Begin Untransformation, Renounce Religion, Recall Ancestor, Ancestor Identity


You were on level 6 of the Dungeon.
You worshipped Hepliaklqana.
Hepliaklqana was aware of your devotion.
You were a hulking beast.
You visited 1 branch of the dungeon, and saw 7 of its levels.

You collected 323 gold pieces.
You spent 180 gold pieces at shops.

Inventory:

Hand Weapons
 o - a +3 hand axe
 p - a +0 mace
Armour
 l - a +0 leather armour
 n - a +0 ring mail
 r - a scarf of resistance (melded)
 t - a +2 pair of gloves (melded)
 w - the +2 ring mail of Amelioration (worn) {Str+2}
   (You found it on level 5 of the Dungeon)

   Str+2:     It affects your strength (+2).
Jewellery
 v - the amulet of Ygouf (around neck) {Spirit rF+ rC++ Dex+2}
   (You found it on level 5 of the Dungeon)

   [amulet of guardian spirit]

   Spirit:    It causes incoming damage to be divided between your reserves of
   health and magic.
   Dex+2:     It affects your dexterity (+2).
   rF+:       It protects you from fire.
   rC++:      It greatly protects you from cold.
Talismans
 c - a beast talisman (active)
 d - a flux talisman
 j - a granite talisman
Wands
 q - a wand of mindburst (8)
 u - a wand of flame (13)
Scrolls
 f - 3 scrolls of fog
 g - 3 scrolls of vulnerability
 m - a scroll of enchant weapon
 x - a scroll of butterflies
 y - a scroll of revelation
Potions
 a - a potion of mutation
 b - 2 potions of lignification
 e - 2 potions of resistance
 h - 2 potions of cancellation
 s - a potion of enlightenment


   Skills:
 + Level 4.5 Fighting
 + Level 3.6 Short Blades
 + Level 3.6 Long Blades
 + Level 3.6 Axes
 + Level 3.6 Maces & Flails
 + Level 3.6 Polearms
 + Level 3.6 Staves
 + Level 3.6 Ranged Weapons
 + Level 3.6 Throwing
 + Level 3.6 Armour
 + Level 5.9 Dodging
 + Level 3.6 Stealth
 + Level 3.6 Shields
 + Level 7.5 Unarmed Combat
 + Level 3.6 Spellcasting
 + Level 3.0 Conjurations
 + Level 3.0 Hexes
 + Level 3.0 Summonings
 + Level 3.0 Necromancy
 + Level 3.0 Translocations
 + Level 3.0 Transmutations
 + Level 3.0 Fire Magic
 + Level 3.0 Ice Magic
 + Level 3.0 Air Magic
 + Level 3.0 Earth Magic
 + Level 3.0 Poison Magic
 + Level 4.0 Invocations
 + Level 3.6 Evocations
 + Level 7.3 Shapeshifting


You had 14 spell levels left.
You didn't know any spells.
Your spell library contained the following spells:

 Spells                   Type           Power      Damage    Failure   Level
 Kiss of Death            Conj/Necr      28%        2d7       14%         1
 Magic Dart               Conj           28%        1d4       14%         1
 Call Imp                 Summ           14%        N/A       22%         2
 Ensorcelled Hibernation  Hex/Ice        14%        N/A       22%         2
 Jinxbite                 Hex            14%        N/A       22%         2
 Confusing Touch          Hex            7%         N/A       41%         3
 Mephitic Cloud           Conj/Pois/Air  7%         N/A       41%         3
 Anguish                  Hex/Necr       3%         N/A       82%         4
 Dispel Undead            Necr           7%         3d8       82%         4
 Vhi's Electric Charge    Tloc/Air       14%        N/A       82%         4
 Arcjolt                  Conj/Air       3%         1d13      99%         5
 Maxwell's Capacitive Co  Air            3%         ∞         100%        8


Dungeon Overview and Level Annotations

Branches:
Dungeon (7/15)
 Temple: D:4-7

Altars:
Hepliaklqana
Makhleb
Nemelex Xobeh
Ru

Shops:
D:6 ?

Annotations:
D:6 Jeremiah


Innate Abilities, Weirdness & Mutations

You are a hulking beast.
Your limbs bulge with bestial killing power. (Slay +4)
Your life essence is reduced to manifest your ancestor. (-10% HP)
You have very sharp teeth.
Your uncanny sense of smell can sniff out nearby items.
Your experience applies equally to all skills.
You are partially covered in iridescent scales. (AC +2)
Your system is resistant to poisons. (rPois)


Message History

The wight hits you with a +0 falchion.
* * * LOW HITPOINT WARNING * * *
You feel drained.
You hit the wight.
The wight is moderately damaged.
The wight barely misses you.
You closely miss the wight.
The wight is moderately damaged.
A black bear comes into view.
The wight closely misses you.
You barely miss the wight.
The wight is moderately damaged.
The wight hits you with a +0 falchion!
* * * LOW HITPOINT WARNING * * *
You feel drained.
* * * LOW HITPOINT WARNING * * *
The wight closely misses you. The wight hits you with a +0 falchion.
* * * LOW HITPOINT WARNING * * *
You feel drained.
* * * LOW HITPOINT WARNING * * *
Found a spear.
The wight barely misses you.
You hit the wight.
The wight is moderately damaged.
The orc wizard casts a spell.
The orc wizard flickers and vanishes!
Deactivating autopickup; reactivate with Ctrl-A.
The wight hits you with a +0 falchion.
* * * LOW HITPOINT WARNING * * *
You feel better. The wight barely misses you.
The wight hits you with a +0 falchion.
* * * LOW HITPOINT WARNING * * *
You feel drained.
* * * LOW HITPOINT WARNING * * *
You hit the wight but do no damage. You punch the wight.
The wight is severely damaged.
The wight hits you with a +0 falchion.
* * * LOW HITPOINT WARNING * * *
You feel drained.
You die...

.bb............. .#.##.
.######........ ......
.#.~~.#..##...##....# ..
.#~..~#.....).......#...
.#...~#.#.#.#..##......
.######...#.....:..#
[##...# #......h#
......# ##[#####z#
###...# #..#~.b#h#
#...###..#~.~#.......)
###........#~~~#..#.....
#~#........#####..# ....
#b#...............# ...
#.#...#####.##....# ..
###...# #######.# .
#...# ~~.P# .# #.z5#
P.~.#


You could see a black bear, a wight and a bat.

Vanquished Creatures
  A water moccasin (D:5)
  A black bear (D:5)
  A centaur (D:5)
  A phantom (D:6)
  A scorpion (D:6)
  6 wights (D:6)
  A hound (D:6)
  A jelly (D:6)
  2 iguanas
  2 orc wizards
  Terence (D:3)
  A sleepcap (D:6)
  Ijyb (D:3)
  5 gnolls (D:5)
  11 adders
  A shadow imp (D:6)
  2 worms (D:5)
  3 dart slugs
  14 orcs
  10 endoplasms
  7 giant cockroaches
  5 goblins
  6 hobgoblins
  11 jackals
  5 kobolds
  2 quokkas
  11 ball pythons
  5 bats
  2 frilled lizards
  4 rats
124 creatures vanquished.

Vanquished Creatures (collateral kills)
  2 wights (D:6)
  2 electric eels (D:6)
  An adder (D:6)
5 creatures vanquished.

Vanquished Creatures (others)
  3 ancestors (D:6)
3 creatures vanquished.

Grand Total: 132 creatures vanquished

Notes
Turn   | Place    | Note
-------+----------+-------------------------------------------
     0 | D:1      | booth the Gnoll Shapeshifter began the quest for the Orb.
     0 | D:1      | Reached XP level 1. HP: 17/17 MP: 1/1
   225 | D:1      | Reached XP level 2. HP: 22/23 MP: 2/2
   617 | D:1      | Reached XP level 3. HP: 27/28 MP: 3/3
  1263 | D:2      | Reached skill level 1 in Invocations
  1417 | D:2      | Reached skill level 1 in Short Blades
  1417 | D:2      | Reached skill level 1 in Long Blades
  1417 | D:2      | Reached skill level 1 in Axes
  1417 | D:2      | Reached skill level 1 in Maces & Flails
  1417 | D:2      | Reached skill level 1 in Polearms
  1417 | D:2      | Reached skill level 1 in Staves
  1417 | D:2      | Reached skill level 1 in Ranged Weapons
  1417 | D:2      | Reached skill level 1 in Throwing
  1417 | D:2      | Reached skill level 1 in Armour
  1417 | D:2      | Reached skill level 1 in Stealth
  1417 | D:2      | Reached skill level 1 in Shields
  1417 | D:2      | Reached skill level 1 in Spellcasting
  1417 | D:2      | Reached skill level 1 in Evocations
  1569 | D:2      | Reached XP level 4. HP: 32/34 MP: 5/5
  1956 | D:2      | Reached skill level 1 in Conjurations
  1956 | D:2      | Reached skill level 1 in Hexes
  1956 | D:2      | Reached skill level 1 in Summonings
  1956 | D:2      | Reached skill level 1 in Necromancy
  1956 | D:2      | Reached skill level 1 in Translocations
  1956 | D:2      | Reached skill level 1 in Transmutations
  1956 | D:2      | Reached skill level 1 in Fire Magic
  1956 | D:2      | Reached skill level 1 in Ice Magic
  1956 | D:2      | Reached skill level 1 in Air Magic
  1956 | D:2      | Reached skill level 1 in Earth Magic
  1956 | D:2      | Reached skill level 1 in Poison Magic
  2312 | D:3      | Reached XP level 5. HP: 35/40 MP: 5/7
  2574 | D:3      | Noticed Terence
  3065 | D:3      | Gained mutation: Your system is resistant to poisons.
                  | (rPois) [potion of mutation]
  3065 | D:3      | Gained mutation: You are partially covered in iridescent
                  | scales. (AC +2) [potion of mutation]
  3074 | D:3      | Killed Terence
  3286 | D:3      | Noticed Ijyb
  3300 | D:3      | Killed Ijyb
  3301 | D:3      | Reached XP level 6. HP: 26/47 MP: 8/8
  4063 | D:4      | Reached skill level 5 in Dodging
  4187 | D:4      | Found a hazy altar of Hepliaklqana.
  4194 | D:4      | Became a worshipper of Hepliaklqana the Forgotten
  4376 | D:5      | Entered Level 5 of the Dungeon
  4376 | D:5      | Noticed a black bear
  4506 | D:5      | Identified the amulet of Ygouf {Spirit rF+ rC++ Dex+2}
  4524 | D:5      | Identified the +2 ring mail of Amelioration {Str+2}
  4669 | D:5      | Killed a black bear
  4670 | D:5      | Reached XP level 7. HP: 19/52 MP: 5/10
  4924 | D:5      | Found a sacrificial altar of Ru.
  4950 | D:5      | Found a burning altar of Makhleb.
  5694 | D:6      | Found Xapton's Magic Scroll Boutique.
  5722 | D:6      | Reached * piety under Hepliaklqana
  5730 | D:6      | Bought a scroll of enchant weapon for 90 gold pieces
  5730 | D:6      | Bought a scroll of enchant weapon for 90 gold pieces
  5909 | D:6      | Reached XP level 8. HP: 34/54 MP: 8/12
  6448 | D:6      | Found a sparkling altar of Nemelex Xobeh.
  6550 | D:6      | Noticed Jeremiah
  6769 | D:6      | HP: 2/51 [wight/+0 falchion (1)]
  6773 | D:6      | Slain by a wight

Illustrated notes

Levels and vault maps discovered:
D:1:      psy_arrival_conway, layout_loops_corners
D:2:      layout_basic, chequers_arboretum, st_stairs_8, minmay_statues_item,
          nicolae_concentric_dashed_squares_wild
D:3:      layout_basic, uniq_ijyb, uniq_terence
D:4:      layout_loops_ring, marbit_many_paths
D:5:      layout_basic, nicolae_ru_awakened_eye, lemuel_round_altar,
          serial_glass, glass_columns_c, glass_columns_a, glass_columns_b,
          glass_columns_b, glass_columns_a, glass_columns_a, glass_columns_b,
          glass_columns_a, item_on_display_a, item_on_display_a,
          due_unseen_surprise, kennysheep_generic_room_9
D:6:      layout_loops_cross, nicolae_overflow_hidden_temple, serial_aquarium,
          aquarium_bridge_long_joined [aquarium_subvault_bridge,
          aquarium_subvault_bridge, aquarium_subvault_window,
          aquarium_subvault_window, aquarium_subvault_wall,
          aquarium_subvault_wall], aquarium_bridge_island_small
          [aquarium_subvault_small_open, aquarium_subvault_balcony,
          aquarium_subvault_wall, aquarium_subvault_bridge,
          aquarium_subvault_window], aquarium_window_fake, aquarium_window_1,
          aquarium_window_2, aquarium_view_2d, aquarium_balcony_5a,
          aquarium_pool_1, serial_shops, nicolae_stop_n_shop_1,
          amcnicky_mini_pool_small, water_maze_lemuel, uniq_jeremiah
D:7:      layout_layer_cave, temple_fountains

Skill      XL: |  1  2  3  4  5  6  7  8 |
---------------+-------------------------+-----
Invocations    | 1 2 3 4 |  4.0
Short Blades   | 1 2 3 |  3.6
Long Blades    | 1 2 3 |  3.6
Axes           | 1 2 3 |  3.6
Maces & Flails | 1 2 3 |  3.6
Polearms       | 1 2 3 |  3.6
Staves         | 1 2 3 |  3.6
Ranged Weapons | 1 2 3 |  3.6
Throwing       | 1 2 3 |  3.6
Armour         | 1 2 3 |  3.6
Stealth        | 1 2 3 |  3.6
Shields        | 1 2 3 |  3.6
Spellcasting   | 1 2 3 |  3.6
Evocations     | 1 2 3 |  3.6
Conjurations   | 1 2 3 |  3.0
Hexes          | 1 2 3 |  3.0
Summonings     | 1 2 3 |  3.0
Necromancy     | 1 2 3 |  3.0
Translocations | 1 2 3 |  3.0
Transmutations | 1 2 3 |  3.0
Fire Magic     | 1 2 3 |  3.0
Ice Magic      | 1 2 3 |  3.0
Air Magic      | 1 2 3 |  3.0
Earth Magic    | 1 2 3 |  3.0
Poison Magic   | 1 2 3 |  3.0
Fighting       | 3 4 |  4.5
Dodging        | 5 |  5.9
Unarmed Combat | 7 |  7.5
Shapeshifting  | 7 |  7.3

Action                     |  1- 3 |  4- 6 |  7- 9 || total
---------------------------+-------+-------+-------++-------
  Melee: Unarmed           |    86 |   164 |   120 ||   370
         Bite              |    10 |    15 |    12 ||    37
         Punch             |       |     7 |     8 ||    15
  Throw: Boomerang         |       |    11 |    20 ||    31
 Invoke: Ancestor Identity |       |       |     1 ||     1
Ability: Begin Untransform |     2 |     7 |       ||     9
    Use: Scroll            |     5 |     3 |     7 ||    15
         Potion            |       |     3 |     2 ||     5
   Stab: Sleeping          |       |     2 |       ||     2
         Distracted        |       |       |     1 ||     1
 Armour: Animal skin       |    24 |       |       ||    24
         Leather armour    |    10 |    39 |       ||    49
         Ring mail         |       |    28 |    75 ||   103
  Dodge: Dodged            |    37 |   100 |    67 ||   204
   Form: Beast             |     2 |     3 |     1 ||     6
         Flux              |       |     2 |       ||     2
         Statue            |       |     1 |       ||     1

Table legend: (Time is in decaauts)
 A = Elapsed time spent in this place.
 B = Non-inter-level travel time spent in this place.
 C = Inter-level travel time spent in this place.
 D = Time resting spent in this place.
 E = Time spent auto-exploring this place.
 F = Levels seen in this place.
 G = Mean time per level.
                   A        B        C        D        E       F      G
               +--------+--------+--------+--------+--------+-----+--------+
         Total |   6753 |   6549 |    204 |    860 |   1415 |   7 |  964.7 |
       Dungeon |   6753 |   6549 |    204 |    860 |   1415 |   7 |  964.7 |
               +--------+--------+--------+--------+--------+-----+--------+

Top non-repeatable levels by time:
     D:5: 1285 daAuts
     D:3: 1177 daAuts
     D:1: 1148 daAuts
     D:2: 1096 daAuts
     D:6: 1042 daAuts
     D:4: 968 daAuts
     D:7: 34 daAuts
